 Dungeon Crawl Stone Soup version 0.22.1-1-ga44c0e5 (webtiles) character file.

1687 Garbasso the Basher (level 8, -4/58 HPs)
             Began as a Demonspawn Chaos Knight on Oct 6, 2018.
             Slain by a hornet zombie (12 damage)
             ... on level 6 of the Dungeon.
             The game lasted 00:20:21 (6313 turns).

Garbasso the Basher (Demonspawn Chaos Knight)       Turns: 6313, Time: 00:20:22

Health: -4/58      AC:  7    Str: 14    XL:     8   Next: 71%
Magic:  8/8        EV: 11    Int: 15    God:    Xom [..*...]
Gold:   359        SH:  0    Dex: 14    Spells: 7/7 levels left

rFire    . . .     SeeInvis .   a - +1 whip (freeze)
rCold    . . .     Gourm    .   (no shield)
rNeg     . . .     Faith    .   r - +2 leather armour
rPois    .         Spirit   .   (helmet restricted)
rElec    .         Reflect  .   j - +0 cloak
rCorr    .         Harm     .   (no gloves)
MR       +....                  G - +0 pair of boots
Stlth    ++........             (no amulet)
HPRegen  0.19/turn              t - ring of protection from magic
MPRegen  0.11/turn              (no ring)

@: about to teleport
A: horns 2, thin skeletal structure 1, rot immunity
a: Renounce Religion


You were on level 6 of the Dungeon.
You worshipped Xom.
You were a toy of Xom.
You were not hungry.

You visited 1 branch of the dungeon, and saw 6 of its levels.

You collected 359 gold pieces.

Inventory:

Hand Weapons
 a - a +1 whip of freezing (weapon)
 b - a +0 hunting sling
 H - a +2 mace of protection
Missiles
 y - 2 throwing nets
 z - 7 tomahawks (quivered)
 F - 15 sling bullets
Armour
 e - a +0 shield
 j - a +0 cloak (worn)
 r - a +2 leather armour (worn)
 G - a +0 pair of boots (worn)
 L - the +3 ring mail of Oreleqam {+Blink Str-5 Int+4}
   (You found it on level 5 of the Dungeon)

   It affects your strength (-5).
   It affects your intelligence (+4).
   It lets you blink.
Jewellery
 t - a ring of protection from magic (left hand)
 C - an uncursed ring of stealth {unknown}
 K - a +3 amulet of reflection {unknown}
Wands
 I - a wand of flame (25)
 N - a wand of iceblast (12)
Scrolls
 d - 2 scrolls of remove curse
 f - a scroll of fear {unknown}
 h - a scroll of enchant weapon {unknown}
 l - 4 scrolls of amnesia
 m - a scroll of noise {unknown}
 o - a scroll of identify
 q - 2 scrolls of blinking {unknown}
 w - a scroll of fog {unknown}
 x - 4 scrolls of teleportation
 B - a scroll of random uselessness {unknown}
 D - a scroll of magic mapping {unknown}
Potions
 g - 2 potions of might
 i - 2 potions of curing
 k - a potion of agility
 n - 4 potions of haste
 p - a potion of brilliance
 u - a potion of magic {unknown}
 v - a potion of heal wounds
 A - a potion of mutation {unknown}
 E - 3 potions of lignification {unknown}
 J - a potion of ambrosia {unknown}
 O - a potion of cancellation {unknown}
Comestibles
 c - 7 rations


   Skills:
 - Level 3.0 Fighting
 * Level 8.9 Maces & Flails
 - Level 1.7 Armour
 - Level 0.8 Dodging
 + Level 5.6 Shields


You had 7 spell levels left.
You didn't know any spells.
Your spell library was empty.

Dungeon Overview and Level Annotations

Branches:
Dungeon (6/15)             Temple (0/1) D:5

Altars:
Cheibriados
Nemelex Xobeh
Sif Muna
Wu Jian
Xom

Annotations:
D:6 2 transporters


Innate Abilities, Weirdness & Mutations

You have a pair of horns on your head.
You have a somewhat thin skeletal structure. (Dex +2, Stealth)
You are immune to rotting.


Message History

The hornet zombie hits you!
You barely miss the hornet zombie. Your headbutt misses the hornet zombie.
The hornet zombie is lightly damaged.
The hornet zombie is engulfed in seething chaos.
The hornet zombie hits you!
* * * LOW HITPOINT WARNING * * *
You hit the hornet zombie.
The hornet zombie is moderately damaged.
The hornet zombie is engulfed in seething chaos.
The hornet zombie hits you.
* * * LOW HITPOINT WARNING * * *
As you read the scroll labeled UMUUPTE MIT CEUT, it crumbles to dust.
It is a scroll of amnesia.
You feel forgetful for a moment.
The hornet zombie hits you but does no damage.
As you read the scroll labeled DUMUAMO DEXE, it crumbles to dust.
You feel strangely unstable.
It was a scroll of teleportation.
The hornet zombie hits you!
You die...
Xom roars with laughter!

.# #..%..
.####..........#####
........# .........
#.......# #........
#...#..# #....#### #.[....#
#...#### #......###
#...##.. #
##.Z§.....###....... .##
#..@........#.......
###..###..#?..###........)#
...#.....#...# #...#..(.#.
##..........####.)#####(..
#.#.........###).## ##.©
#.#.......###))## ####
#........##..## #.§§=©
#............### #§§.$(
##.......##....####.Z§..


You could see a hornet zombie.

Vanquished Creatures
  Pikel (D:5)
  A black bear (D:6)
  2 centaurs
  Blork the orc (D:5)
  2 bullfrogs (D:6)
  4 crimson imps
  4 hounds
  2 orc priests
  Crazy Yiuf (D:3)
  A jelly (D:6)
  A centaur skeleton (D:6)
  2 iguanas
  4 orc wizards
  A worker ant (D:4)
  A hound zombie (D:6)
  Robin (D:2)
  8 adders
  3 gnolls
  An ufetubus (D:5)
  3 worms
  3 dart slugs
  4 leopard geckos
  10 orcs
  6 bats
  2 giant cockroaches
  16 goblins
  4 hobgoblins
  17 jackals
  4 kobolds
  2 quokkas
  4 ball pythons
  3 frilled lizards
  A leopard gecko skeleton (D:5)
  4 rats
124 creatures vanquished.

Notes
Turn   | Place    | Note
-------+----------+-------------------------------------------
     0 | D:1      | Garbasso the Demonspawn Chaos Knight began the quest for
                  | the Orb.
     0 | D:1      | Reached XP level 1. HP: 18/18 MP: 1/1
   223 | D:1      | Reached skill level 3 in Maces & Flails
   367 | D:1      | Gained mutation: You have a pair of small horns on your
                  | head. [demonic ancestry]
   367 | D:1      | Reached XP level 2. HP: 16/24 MP: 2/2
   477 | D:1      | XOM: silly message
   669 | D:1      | Reached skill level 1 in Shields
   697 | D:1      | XOM: cloud trail
   836 | D:1      | XOM: mild Necr miscast
   922 | D:1      | XOM: medium Air miscast
  1201 | D:1      | XOM: harmless Chrm miscast
  1241 | D:2      | Gained mutation: You are immune to rotting. [demonic
                  | ancestry]
  1241 | D:2      | Reached XP level 3. HP: 27/29 MP: 3/3
  1417 | D:2      | Noticed Robin
  1428 | D:2      | Killed Robin
  1619 | D:2      | Reached skill level 4 in Maces & Flails
  1657 | D:2      | Gained mutation: You have a somewhat thin skeletal
                  | structure. (Dex +2, Stealth) [demonic ancestry]
  1657 | D:2      | Reached XP level 4. HP: 26/35 MP: 4/4
  1764 | D:2      | XOM: smoke on damage
  2344 | D:3      | Found a snail-covered altar of Cheibriados.
  2430 | D:3      | Reached XP level 5. HP: 41/41 MP: 5/5
  2582 | D:3      | XOM: mild Conj miscast
  2602 | D:3      | Found a deep blue altar of Sif Muna.
  2871 | D:3      | Found a runed door.
  2882 | D:3      | Noticed Crazy Yiuf
  2892 | D:3      | Killed Crazy Yiuf
  2892 | D:3      | Reached skill level 5 in Maces & Flails
  3100 | D:4      | XOM: noise
  3409 | D:4      | Noticed a centaur
  3421 | D:4      | Killed a centaur
  3421 | D:4      | Gained mutation: You have a pair of horns on your head.
                  | [demonic ancestry]
  3421 | D:4      | Reached XP level 6. HP: 13/47 MP: 6/6
  3439 | D:4      | XOM: harmless Conj miscast
  3755 | D:4      | XOM: enchant monster (bad)
  4027 | D:4      | XOM: mild Fire miscast
  4124 | D:4      | Reached skill level 6 in Maces & Flails
  4176 | D:4      | Reached XP level 7. HP: 50/52 MP: 7/7
  4193 | D:4      | XOM is BORED!
  4193 | D:4      | XOM: stat loss: -3 Str (10/13)
  4208 | D:4      | Found an ornate altar of the Wu Jian Council.
  4487 | D:5      | Entered Level 5 of the Dungeon
  4488 | D:5      | Found a sparkling altar of Nemelex Xobeh.
  4492 | D:5      | XOM: noise
  4689 | D:5      | Noticed Pikel
  4705 | D:5      | XOM: scenery: create altars
  4710 | D:5      | XOM: confuse monster(s)
  4718 | D:5      | Killed Pikel
  4718 | D:5      | Reached skill level 7 in Maces & Flails
  4718 | D:5      | Reached XP level 8. HP: 31/58 MP: 8/8
  4813 | D:5      | Found a staircase to the Ecumenical Temple.
  4871 | D:5      | XOM: polymorph crimson imp -> ufetubus
  4908 | D:5      | Noticed Blork the orc
  4916 | D:5      | XOM: enchant monster (bad)
  4918 | D:5      | Killed Blork the orc
  5160 | D:5      | Got a smoking ring mail
  5171 | D:5      | Identified the +3 ring mail of Oreleqam {+Blink Str-5
                  | Int+4} (You found it on level 5 of the Dungeon)
  5421 | D:6      | Found a transporter.
  5436 | D:6      | Reached skill level 8 in Maces & Flails
  5436 | D:6      | Reached skill level 5 in Shields
  5950 | D:6      | XOM: mild Necr miscast
  6150 | D:6      | Found a transporter.
  6298 | D:6      | XOM: cloud trail
  6309 | D:6      | XOM: enchant monster (bad)
  6313 | D:6      | Slain by a hornet zombie

Skill      XL: |  1  2  3  4  5  6  7  8 |
---------------+-------------------------+-----
Maces & Flails | 3 4 5 6 7 8 |  8.9
Shields        | 1 2 3 4 5 |  5.6
Fighting       | |  3.0
Armour         | |  1.7
Dodging        | |  0.8

Action                   |  1- 3 |  4- 6 |  7- 9 || total
-------------------------+-------+-------+-------++-------
Melee: Mace              |    86 |   127 |    39 ||   252
       Headbutt          |     6 |    20 |    26 ||    52
       Whip              |       |       |   135 ||   135
 Fire: Hunting sling     |     2 |   128 |    53 ||   183
  Use: Scroll            |       |     7 |     2 ||     9
       Potion            |       |     1 |       ||     1
 Stab: Sleeping          |       |     1 |     2 ||     3
       Confused          |       |       |     1 ||     1
       Distracted        |       |       |     1 ||     1
  Eat: Chunk             |     2 |     5 |     7 ||    14
       Ration            |       |     1 |       ||     1
Armor: Leather armour    |    36 |    62 |    68 ||   166
Dodge: Dodged            |    60 |    90 |   110 ||   260
